 Dungeon Crawl Stone Soup version 0.28.0-45-g0d030f2227 (webtiles) character file.

Game seed: 2996696231425430853

8976 pkoi the Charlatan (level 10, -1/77 HPs)
             Began as a Demigod Artificer on Apr 7, 2022.
             Succumbed to a cane toad's poison
             ... on level 1 of the Lair of Beasts.
             The game lasted 00:35:00 (19303 turns).

pkoi the Charlatan (Demigod Artificer)             Turns: 19303, Time: 00:35:00

Health: -1/77      AC:  9    Str: 17    XL:     10   Next: 96%
Magic:  16/18      EV: 13    Int: 23    God:
Gold:   488        SH:  0    Dex: 18    Spells: 2/15 levels left

rFire   + + .      SeeInvis .   p - +0 short sword (venom)
rCold   . . .      Faith    .   (no shield)
rNeg    + . .      Spirit   .   L - +0 robe {rF+}
rPois   .          Reflect  .   (no helmet)
rElec   .          Harm     .   q - +1 cloak
rCorr   .          Rampage  .   z - +4 pair of gloves of Autotheism {rF+}
Will    +....                   (no boots)
Stlth   ++........              (no amulet)
HPRegen 0.22/turn               F - +6 ring of intelligence
MPRegen 0.16/turn               G - ring of positive energy

@: lethally poisoned (-1 -> -50)
A: high MP 1, forlorn, divine attributes
a: no special abilities


You were on level 1 of the Lair of Beasts.
You visited 2 branches of the dungeon, and saw 12 of its levels.

You collected 644 gold pieces.
You spent 156 gold pieces at shops.

Inventory:

Hand Weapons
 a - a +0 club
 h - a +0 dagger
 m - the +7 hunting sling "Mubetweh" {freeze, *Corrode Will+ Str+8 Dex+4 Stlth+}
   (You bought it in a shop on level 6 of the Dungeon)

   Any ammunition fired from it freezes those it strikes, dealing additional
   cold damage.
   It can also slow down cold-blooded creatures.
   Str:       It affects your strength (+8).
   Dex:       It affects your dexterity (+4).
   *Corrode:  It may corrode you when you take damage.
   Will:      It increases your willpower.
   Stlth:     It makes you more stealthy.
 p - a +0 short sword of venom (weapon)
 v - the +2 mace of Disorder {protect, rN++ Will- MP+9 Int+2}
   (You found it on level 2 of the Dungeon)

   It grants its wielder temporary protection when it strikes (+7 to AC).
   Int:       It affects your intelligence (+2).
   rN:        It greatly protects you from negative energy.
   MP:        It affects your magic capacity (+9).
   Will:      It decreases your willpower.
 B - a +2 dagger of freezing
Missiles
 r - 13 boomerangs
 s - 2 silver javelins
 t - a throwing net
 w - 274 stones
Armour
 b - a +0 leather armour
 q - a +1 cloak (worn)
 z - the +4 pair of gloves of Autotheism (worn) {rF+}
   (You found it on level 6 of the Dungeon)

   rF:        It protects you from fire.
 L - a +0 robe of fire resistance (worn)
Jewellery
 F - a +6 ring of intelligence (left hand)
 G - a ring of positive energy (right hand)
 N - a ring of protection from cold
Wands
 c - a wand of flame (26) (quivered)
 d - a wand of polymorph (2)
 y - a wand of acid (5)
 E - a wand of paralysis (3)
 I - a wand of digging (3)
 J - a wand of iceblast (7)
Scrolls
 f - 4 scrolls of immolation
 g - 2 scrolls of enchant armour
 i - 3 scrolls of blinking
 j - 3 scrolls of magic mapping
 k - 6 scrolls of teleportation
 o - 3 scrolls of fog
 K - 4 scrolls of identify
 M - a scroll of brand weapon
Potions
 l - 2 potions of attraction
 n - a potion of mutation
 u - a potion of curing
 x - 2 potions of resistance
 A - 3 potions of lignification
 C - 3 potions of might
 D - a potion of cancellation
 H - a potion of brilliance
Miscellaneous
 e - a piece from Xom's chessboard (13/15)


   Skills:
 - Level 3.0 Fighting
 - Level 1.7 Armour
 - Level 3.0 Dodging
 - Level 0.8 Stealth
 + Level 6.4 Unarmed Combat
 - Level 3.4 Spellcasting
 - Level 4.5 Conjurations
 + Level 1.5 Translocations
 - Level 5.3 Transmutations
 - Level 4.6 Fire Magic
 - Level 4.5 Air Magic
 - Level 4.6 Poison Magic
 + Level 7.8 Evocations


You had 2 spell levels left.
You knew the following spells:

 Your Spells              Type           Power      Damage    Failure   Level
a - Beastly Appendage     Tmut           56%        N/A       1%          1
b - Spider Form           Tmut/Pois      26%        N/A       4%          3
c - Ignite Poison         Fire/Tmut/Pois 26%        N/A       4%          3
d - Mephitic Cloud        Conj/Pois/Air  24%        N/A       5%          3
e - Apportation           Tloc           20%        N/A       6%          1
f - Blink                 Tloc           20%        N/A       9%          2

Your spell library contained the following spells:

 Spells                   Type           Power      Damage    Failure   Level
 Wereblood                Tmut           28%        N/A       1%          2
 Animate Skeleton         Necr           6%         N/A       11%         1
 Summon Small Mammal      Summ           12%        N/A       11%         1
 Lesser Beckoning         Tloc           10%        N/A       19%         3
 Tukima's Dance           Hex            3%         N/A       32%         3
 Freezing Cloud           Conj/Ice/Air   8%         6-21      65%         5
 Anguish                  Hex/Necr       1%         N/A       73%         4
 Manifold Assault         Tloc           10%        N/A       86%         5
 Enfeeble                 Hex            1%         N/A       100%        7


Dungeon Overview and Level Annotations

Branches:
Dungeon (11/15)            Temple (0/1) D:4            Lair (1/6) D:10
    Orc: D:9-12

Shops:
D:1 :   D:5 :   D:6 (   D:9 :*((:


Innate Abilities, Weirdness & Mutations

You have an increased reservoir of magic. (+10% MP)
You shall have no god before yourself.
Your divine heritage dramatically boosts your attributes as you level up.


Message History

Aim: a cane toad (moderately wounded, 79% to hit)
The puff of flame hits the cane toad but does no damage.
The cane toad is moderately wounded.
The cane toad stings you.
You are poisoned.
The cane toad poisons you!
You make a move on Xom's chessboard...
The cane toad seems to speed up.
You feel very sick. The cane toad stings you. The cane toad barely misses you.
You make a move on Xom's chessboard...
The cane toad falls asleep!
You feel very sick.
Unknown command.
The helpless cane toad fails to defend itself.
You hit the cane toad.
The cane toad is heavily wounded.
You feel sick. The cane toad stings you!
* * * LOW HITPOINT WARNING * * *
The cane toad barely misses you.
You hit the cane toad. You punch the cane toad!
The cane toad is severely wounded.
You feel sick. The cane toad stings you!
* * * LOW HITPOINT WARNING * * *
You are more poisoned.
The cane toad poisons you! The cane toad misses you.
You hit the cane toad.
The cane toad is severely wounded.
You feel very sick. The cane toad stings you!
* * * LOW HITPOINT WARNING * * *
You are lethally poisoned!
The cane toad poisons you! The cane toad stings you!
* * * LOW HITPOINT WARNING * * *
You are more poisoned.
The cane toad poisons you!
Aiming: Corrosive Bolt
Press: ? - help, Shift-Dir - straight line, f/p - cane toad
Aim: a cane toad (severely wounded, fast, 77% to hit)
The bolt of acid hits the cane toad!!
The acid corrodes the cane toad!
You kill the cane toad!
You die...

#....##P..# ### #...###
#...##P...#####.# #....##
#...###....##...# #...###
#...###...###..#####.##.#
##..##P...###....###.....
#.#.###....##...##..##...
#...###....##...#........
##.........###...#.....♣..
#........@.# #............
##....#..†.# ##.......#...
##...###...## ##...##.....
#....# #....## #....###...
##...# ##....#####....####
#...## ##....####.....###
#....###.#...#.##......##
##....####.....P...#.....
##....#####......#.##...


There were no monsters in sight!

Vanquished Creatures
  A hydra (Lair:1)
  Erica (D:9)
  An ugly thing (D:9)
  Maurice (D:8)
  2 cane toads (Lair:1)
  A rime drake (Lair:1)
  A troll (D:10)
  4 blink frogs (Lair:1)
  A vampire (D:10)
  3 wyverns
  3 yaks
  2 steam dragons
  3 wargs
  A vampire mosquito (D:7)
  6 water moccasins
  An ice beast (D:6)
  An orc warrior (D:7)
  A black bear (D:7)
  3 ogres
  4 centaurs
  2 kobold brigands (D:9)
  4 bullfrogs
  3 scorpions
  A wyvern skeleton (D:7)
  A water moccasin zombie (D:5)
  A water moccasin skeleton (D:7)
  2 wights (D:8)
  An electric eel (D:9)
  2 howler monkeys
  2 bullfrog zombies
  2 orc priests
  A centaur skeleton (D:5)
  3 centaur zombies
  2 hounds
  Crazy Yiuf (D:2)
  8 orc wizards
  2 iguanas (D:7)
  A hound zombie (D:3)
  A howler monkey zombie (D:9)
  7 gnolls
  2 adders
  A shadow imp (D:7)
  An adder skeleton (D:4)
  A worm (D:2)
  A dart slug (D:2)
  31 orcs
  12 ball pythons
  5 bats
  5 endoplasms
  6 giant cockroaches
  7 hobgoblins
  4 jackals (D:2)
  2 quokkas (D:1)
  3 frilled lizards
  A goblin (D:1)
  11 kobolds
  6 rats
187 creatures vanquished.

Vanquished Creatures (collateral kills)
  3 yaks
  A centaur (D:7)
  A scorpion (D:4)
  3 wights
  An adder (D:2)
  A bat (D:2)
  2 goblins
12 creatures vanquished.

Vanquished Creatures (others)
  2 yaks
  2 wights (D:4)
  An iguana (D:5)
  A worm (D:2)
  An orc (D:3)
  A hobgoblin (D:2)
  A ball python (D:2)
  6 fungi (Lair:1)
  6 plants (Lair:1)
21 creatures vanquished.

Grand Total: 220 creatures vanquished

Notes
Turn   | Place    | Note
-------+----------+-------------------------------------------
     0 | D:1      | pkoi the Demigod Artificer began the quest for the Orb.
     0 | D:1      | Reached XP level 1. HP: 15/15 MP: 3/3
    83 | D:1      | Reached skill level 1 in Fighting
    83 | D:1      | Reached skill level 1 in Dodging
   735 | D:1      | Reached skill level 3 in Evocations
   735 | D:1      | Reached XP level 2. HP: 23/23 MP: 4/4
  1409 | D:1      | Found Eduy's Book Shop.
  1902 | D:2      | Reached XP level 3. HP: 9/28 MP: 5/5
  1903 | D:2      | Reached skill level 1 in Unarmed Combat
  2538 | D:2      | Identified the +2 mace of Disorder {protect, rN++ Will-
                  | MP+9 Int+2}
  2550 | D:2      | Found a runed translucent door.
  2551 | D:2      | Noticed Crazy Yiuf
  2565 | D:2      | Killed Crazy Yiuf
  2830 | D:2      | Reached XP level 4. HP: 31/36 MP: 6/6
  3467 | D:2      | HP: 1/36 [gnoll/+0 flail (10)]
  4263 | D:3      | Reached skill level 4 in Evocations
  5107 | D:4      | Reached XP level 5. HP: 40/41 MP: 7/7
  5219 | D:4      | Found a staircase to the Ecumenical Temple.
  5533 | D:4      | Noticed an ogre
  5544 | D:4      | Reached XP level 6. HP: 24/50 MP: 8/8
  5783 | D:4      | Reached skill level 5 in Evocations
  6066 | D:4      | Learned a level 1 spell: Beastly Appendage
  6706 | D:5      | Entered Level 5 of the Dungeon
  6720 | D:5      | Reached XP level 7. HP: 50/57 MP: 10/10
  6968 | D:5      | Reached skill level 1 in Spellcasting
  6968 | D:5      | Reached skill level 1 in Transmutations
  7750 | D:5      | Found Viwom's Self-Improvement Boutique.
  9067 | D:6      | Noticed a steam dragon
  9093 | D:5      | Learned a level 3 spell: Spider Form
  9097 | D:5      | Learned a level 3 spell: Ignite Poison
  9101 | D:5      | Learned a level 3 spell: Mephitic Cloud
  9329 | D:6      | Killed a steam dragon
  9330 | D:6      | Reached XP level 8. HP: 42/63 MP: 14/14
  9598 | D:6      | Reached skill level 1 in Conjurations
  9598 | D:6      | Reached skill level 1 in Fire Magic
  9598 | D:6      | Reached skill level 1 in Air Magic
  9598 | D:6      | Reached skill level 1 in Poison Magic
  9598 | D:6      | Reached skill level 6 in Evocations
  9680 | D:6      | Found Seycoim's Antique Weapon Boutique.
  9694 | D:6      | Bought a smoking hunting sling for 156 gold pieces
  9694 | D:6      | Identified the +7 hunting sling "Mubetweh" {freeze,
                  | *Corrode Will+ Str+8 Dex+4 Stlth+} (You bought it in a shop
                  | on level 6 of the Dungeon)
  9732 | D:6      | Identified the +4 pair of gloves of Autotheism {rF+}
 11952 | D:7      | Reached XP level 9. HP: 69/69 MP: 16/16
 11954 | D:7      | Learned a level 1 spell: Apportation
 13469 | D:8      | Noticed Maurice
 13609 | D:8      | Killed Maurice
 13610 | D:8      | Reached skill level 5 in Unarmed Combat
 13891 | D:9      | Found Zicez's Book Emporium.
 13917 | D:9      | Noticed a purple ugly thing
 13957 | D:9      | Found Quhes's Book Boutique.
 14004 | D:9      | Found Zuwne's Weapon Shop.
 14021 | D:9      | Killed a purple ugly thing
 14100 | D:9      | Found Dafefyc's General Store.
 14317 | D:9      | Found Tisav's Antique Weapon Boutique.
 14703 | D:9      | Noticed Erica
 14725 | D:9      | Killed Erica
 14726 | D:9      | Reached skill level 7 in Evocations
 14726 | D:9      | Reached XP level 10. HP: 38/77 MP: 14/18
 14903 | D:10     | Entered Level 10 of the Dungeon
 15641 | D:10     | Found a staircase to the Lair.
 17504 | Lair:1   | Entered Level 1 of the Lair of Beasts
 17516 | Lair:1   | Learned a level 2 spell: Blink
 17530 | Lair:1   | Reached skill level 5 in Transmutations
 17723 | Lair:1   | Noticed an eight-headed hydra
 17728 | Lair:1   | Killed an eight-headed hydra
 18525 | Lair:1   | Reached skill level 1 in Translocations
 19303 | Lair:1   | Succumbed to a cane toad's poison

Illustrated notes

Levels and vault maps discovered:
D:1:      dpeg_arrival_tiny_h, layout_basic, serial_glass, glass_columns_a,
          glass_columns_a, serial_shops, nicolae_shop_window_shopping
D:2:      layout_basic, shapermc_ecumenical_altar_gd, eino_curves_01,
          lemuel_old_faithful, uniq_crazy_yiuf_cottage
D:3:      layout_rooms, minmay_circle_x
D:4:      layout_basic, temple_hall
D:5:      layout_cave_pods, nemelex_xobeh_ov_fountains_minmay,
          nicolae_shop_self_help
D:6:      layout_cave_pools, mainiacjoe_overflow_boulevard, lemuel_doored_altar,
          serial_shops, nicolae_shop_advertising_works
          [nicolae_subvault_shop_adworks]
D:7:      wad_river_or_something, layout_basic, st_stairs_5
D:8:      layout_cave_pools, uniq_maurice
D:9:      lemuel_ice_spiral_2, layout_rooms, nicolae_overflow_squiral,
          serial_shops, nicolae_shop_waterfront, shop, nicolae_shop_crystal,
          kennysheep_mini, nicolae_stop_n_shop_2, uniq_erica
D:10:     layout_grid_maze, lemuel_tele_altar, erik_lair_orcish_takeover,
          chequers_serial_rivers_room_a
D:11:     layout_gridville
Lair:1:   layout_concentric_octagons, grunt_forest_stairs_basic,
          grunt_megastairs_1

Skill      XL: |  1  2  3  4  5  6  7  8  9 10 |
---------------+-------------------------------+-----
Fighting       | 1 2 3 |  3.0
Dodging        | 1 2 3 |  3.0
Evocations     | 3 4 5 6 7 |  7.8
Unarmed Combat | 1 2 3 4 5 6 |  6.4
Spellcasting   | 2 3 |  3.4
Transmutations | 2 3 4 5 |  5.3
Conjurations   | 2 3 4 |  4.5
Fire Magic     | 2 3 4 |  4.6
Air Magic      | 2 3 4 |  4.5
Poison Magic   | 2 3 4 |  4.6
Translocations | 1 |  1.5
Armour         | |  1.7
Stealth        | |  0.8

Action                   |  1- 3 |  4- 6 |  7- 9 | 10-12 || total
-------------------------+-------+-------+-------+-------++-------
Melee: Club              |    63 |       |       |       ||    63
       Dagger            |    35 |       |       |    23 ||    58
       Punch             |     3 |     3 |     8 |     6 ||    20
       Short sword       |    34 |   134 |   119 |    85 ||   372
       Mace              |       |    21 |    59 |       ||    80
       Kick              |       |     4 |     2 |       ||     6
       Headbutt          |       |     4 |     1 |       ||     5
       Unarmed           |       |       |     3 |     6 ||     9
 Fire: Hunting sling     |       |       |   146 |    50 ||   196
 Cast: Beastly Appendage |       |     4 |     4 |       ||     8
       Ignite Poison     |       |       |     4 |    15 ||    19
       Mephitic Cloud    |       |       |       |     4 ||     4
       Spider Form       |       |       |       |     2 ||     2
Evoke: Wand              |     6 |     6 |    14 |    26 ||    52
       Piece from Xom's  |       |     1 |    10 |     3 ||    14
  Use: Scroll            |       |     8 |     4 |     1 ||    13
       Potion            |       |     3 |     4 |       ||     7
 Stab: Sleeping          |     5 |     1 |     1 |     1 ||     8
       Betrayed ally     |     1 |       |       |       ||     1
       Distracted        |       |     1 |       |       ||     1
       Paralysed         |       |     5 |       |    11 ||    16
       Petrified         |       |       |    13 |       ||    13
       Confused          |       |       |       |     1 ||     1
Armor: Leather armour    |    47 |    54 |   112 |    10 ||   223
       Robe              |       |       |       |    38 ||    38
Dodge: Dodged            |    90 |   105 |   162 |   110 ||   467
